 Dungeon Sprint DCSS version bcrawl-1.26.1 (webtiles) character file.

Game seed: 14612062729816135490

660594 Freyura the Fighter (level 6, -5/56 HPs)
             Began as a Demonspawn Gladiator on July 3, 2020.
             Was a Follower of Okawaru.
             Slain by a two-headed ogre
             ... wielding a +0 giant club
              (14 damage)
             ... in the Dungeon (Sprint IX: "|||||||||||||||||||||||||||||").
             The game lasted 00:04:14 (202 turns).

Freyura the Fighter (Demonspawn Gladiator)           Turns: 202, Time: 00:04:15

Health: -5/56      AC: 10    Str: 16    XL:     6   Next: 50%
Magic:  8/9        EV: 18    Int:  9    God:    Okawaru [*.....]
Gold:   0          SH:  0    Dex: 18    Spells: 5/5 levels left

rFire    . . .     SeeInvis .   p - +2 dire flail (crush)
rCold    + . .     Gourm    .   (shield currently unavailable)
rNeg     . . .     Faith    .   o - +2 ring mail
rPois    .         Spirit   .   c - +0 helmet
rElec    .         Reflect  .   (no cloak)
rCorr    .         Harm     .   (no gloves)
MR       .....     NoTele   +   a - +0 pair of boots
Stlth    +.........             (no amulet)
HPRegen  0.18/turn              q - +3 ring of dexterity
MPRegen  0.11/turn              r - +2 ring of evasion

@: very slightly contaminated, slowed, very slow
A: talons 2, repulsion field 1, cold resistance 1
a: Heroism, Renounce Religion


You were in the Dungeon.
You worshipped Okawaru.
Okawaru was aware of your devotion.
You were not hungry.

You visited 1 branch

Inventory:

Hand Weapons
 p - a +2 dire flail of crushing (weapon)
Missiles
 d - 3 throwing nets {=f}
Armour
 a - a +0 pair of boots (worn)
 b - a +0 leather armour
 c - a +0 helmet (worn)
 o - a +2 ring mail (worn)
Jewellery
 q - a +3 ring of dexterity (left hand)
 r - a +2 ring of evasion (right hand)
Wands
 n - a wand of iceblast (10)
Scrolls
 k - 2 scrolls of blinking
 l - 3 scrolls of remove curse
 m - 2 scrolls of amnesia
Potions
 f - 5 potions of curing
 i - 4 potions of magic
Comestibles
 e - a ration {!d}
 h - 2 chunks of flesh


   Skills:
 * Level 8.1 Fighting
 * Level 7.7 Maces & Flails
 - Level 1.7 Throwing
 + Level 4.9 Armour
 + Level 5.7 Dodging
 + Level 4.3 Invocations


You had 5 spell levels left.
You didn't know any spells.
Your spell library was empty.

Dungeon Overview and Level Annotations

Branches:
Dungeon (1/1)

Altars:
Cheibriados
Dithmenos
Elyvilon
Fedhas
Gozag
Hepliaklqana
Kikubaaqudgha
Lugonu
Makhleb
Nemelex Xobeh
Okawaru
Qazlal
Ru
Sif Muna
Trog
Uskayaw
Vehumet
Wu Jian
Xom
Yredelemnul
Zin
The Shining One
Beogh
Jiyva


Innate Abilities, Weirdness & Mutations

You have razor-sharp toenails.
You are surrounded by a mild repulsion field. (EV +2)
Your flesh is cold resistant. (rC+)


Message History

The two-headed ogre hits you with a +0 giant club!
The two-headed ogre hits you with a +0 giant club!!
* * * LOW HITPOINT WARNING * * *
The two-headed ogre closely misses you. x2
You impale the two-headed ogre!!
The two-headed ogre is heavily wounded.
The two-headed ogre closely misses you. The two-headed ogre barely misses you.
You feel much better.
The two-headed ogre hits you with a +0 giant club! x2
* * * LOW HITPOINT WARNING * * *
Okay, then.
You completely miss the two-headed ogre.
The two-headed ogre is heavily wounded.
The two-headed ogre misses you. The two-headed ogre closely misses you.
You hit the two-headed ogre but do no damage.
Snnnck.
The two-headed ogre is severely wounded.
The two-headed ogre completely misses you.
The two-headed ogre hits you with a +0 giant club!
You die...

▓.▓
▓.▓
▓.▓
▓.▓
▓.▓
▓Z▓
▓O▓
▓@▓
▓.▓
▓.▓
▓[▓
▓.▓
▓)▓
▓|▓
▓.▓
▓.▓


You could see a two-headed ogre and a bat zombie.

Vanquished Creatures
  A wraith (D)
  An ice beast (D)
  A killer bee (D)
  A hound (D)
  An iguana (D)
  An orc priest (D)
  A worker ant (D)
  A giant cockroach (D)
  A goblin (D)
  2 bats (D)
  A jackal skeleton (D)
  2 kobolds (D)
14 creatures vanquished.

Notes
Turn   | Place    | Note
-------+----------+-------------------------------------------
     0 | D        | Freyura the Demonspawn Gladiator began the quest for the
                  | Orb.
     0 | D        | Reached XP level 1. HP: 16/16 MP: 1/1
    23 | D        | Noticed an orc priest
    23 | D        | Noticed an iguana
    23 | D        | Noticed an ice beast
    31 | D        | Killed an ice beast
    31 | D        | Reached skill level 5 in Fighting
    31 | D        | Reached skill level 5 in Maces & Flails
    31 | D        | Gained mutation: You are surrounded by a mild repulsion
                  | field. (EV +2) [demonic ancestry]
    31 | D        | Reached XP level 2. HP: 24/27 MP: 2/2
    31 | D        | Gained mutation: You have sharp toenails. [demonic
                  | ancestry]
    31 | D        | Reached XP level 3. HP: 29/33 MP: 3/3
    31 | D        | Gained mutation: Your flesh is cold resistant. (rC+)
                  | [demonic ancestry]
    31 | D        | Reached XP level 4. HP: 34/39 MP: 4/4
    40 | D        | Reached skill level 6 in Fighting
    40 | D        | Reached XP level 5. HP: 43/46 MP: 5/5
    93 | D        | Found a roughly hewn altar of Beogh.
    93 | D        | Found a snail-covered altar of Cheibriados.
    93 | D        | Found a shadowy altar of Dithmenos.
    93 | D        | Found a white marble altar of Elyvilon.
    93 | D        | Found a blossoming altar of Fedhas.
    93 | D        | Found an opulent altar of Gozag.
    94 | D        | Found a hazy altar of Hepliaklqana.
    95 | D        | Found a viscous altar of Jiyva.
    96 | D        | Found an ancient bone altar of Kikubaaqudgha.
    97 | D        | Found a corrupted altar of Lugonu.
    98 | D        | Found a burning altar of Makhleb.
    99 | D        | Found a sparkling altar of Nemelex Xobeh.
   100 | D        | Found an iron altar of Okawaru.
   101 | D        | Found a stormy altar of Qazlal.
   102 | D        | Found a sacrificial altar of Ru.
   103 | D        | Found a shimmering blue altar of Sif Muna.
   104 | D        | Found a bloodstained altar of Trog.
   105 | D        | Found a hide-covered altar of Uskayaw.
   106 | D        | Found a radiant altar of Vehumet.
   107 | D        | Found an ornate altar of the Wu Jian Council.
   108 | D        | Became a worshipper of Warmaster Okawaru
   109 | D        | Found a shimmering altar of Xom.
   110 | D        | Found a basalt altar of Yredelemnul.
   111 | D        | Found a glowing silver altar of Zin.
   112 | D        | Found a glowing golden altar of the Shining One.
   129 | D        | Got the +2 rapier "Qedag" {elec, Int+6 Stlth+}
   162 | D        | Noticed a two-headed ogre
   162 | D        | Noticed a wraith
   170 | D        | Reached skill level 1 in Invocations
   175 | D        | Reached skill level 5 in Dodging
   177 | D        | Reached skill level 7 in Fighting
   194 | D        | Killed a wraith
   194 | D        | Reached * piety under Okawaru
   194 | D        | Reached skill level 8 in Fighting
   194 | D        | Gained mutation: You have razor-sharp toenails. [demonic
                  | ancestry]
   194 | D        | Reached XP level 6. HP: 20/56 MP: 7/9
   198 | D        | HP: 1/56 [two-headed ogre/+0 giant club (21)]
   202 | D        | Slain by a two-headed ogre

Skill      XL: |  1  2  3  4  5 |
---------------+----------------+-----
Maces & Flails | 5 6 7 |  7.7
Fighting       | 5 6 8 |  8.1
Armour         | 2 3 4 |  4.9
Dodging        | 4 5 |  5.7
Invocations    | 4 |  4.3
Throwing       | |  1.7

Action                   |  1- 3 |  4- 6 || total
-------------------------+-------+-------++-------
Melee: Flail             |    19 |     8 ||    27
       Kick              |       |     2 ||     2
       Dire flail        |       |    36 ||    36
  Use: Potion            |     2 |     4 ||     6
 Stab: Invisible         |       |     2 ||     2
Armor: Leather armour    |     6 |       ||     6
       Ring mail         |       |     3 ||     3
Dodge: Dodged            |    18 |    42 ||    60
